badnik, neutral male scurrid Ranger --- .| -.| |.| |.. | -- ---.| |...+..@.. -------+-- badnik the Tenderfoot Experience level: 1 Strength: 16 Dexterity: 10 Constitution: 13 Intelligence: 14 Wisdom: 14 Charisma: 8 Health: 0(14) Energy: 2(2) Def: 3 Gold: 222 Moves: 133 Dungeon seed: 12hGKfiWXK6zNqJx Game ID: badnik_1498611025 Your Inventory: Coins $ - 222 gold pieces Weapons b - 26 uncursed +2 darts c - 18 uncursed +0 darts Armor e - an uncursed +2 cloak of displacement (being worn) Comestibles d - 4 uncursed chestnuts Scrolls h - an uncursed scroll of identify Potions i - an uncursed potion of speed Wands f - an uncursed wand of slow monster (0:3) g - an uncursed wand of teleportation (0:8) Spells and supernatural/magical abilities: Name Level Category Fail Memory W - pray for help -- divine ? -- Your skills at the end: Miscellaneous Skills wands [Basic] Weapon Skills dart [Basic] Spellcasting Skills Final Attributes: You were devoutly aligned. You had automatic searching. You had infravision. You were displaced. You were very stealthy. You are dead. Voluntary challenges: You went without food. You did not adorn yourself with jewelry or accessories. You did not cause conflict. You were not invisible. You did not have reflection. You were an atheist. You never hit with a wielded weapon. You were a pacifist. You did not use tools. You did not use plumbed fixtures. You did not drink any magical draughts. You were illiterate. You never genocided any monsters. You never polymorphed an object. You never changed form. You used no wishes. You never split a pudding. You never wrote Elbereth's name. You never violated your personal moral code. Dungeon overview: The Dungeons of Doom: levels 1 to 19 Level 1 a fountain a long staircase Level 2 a fountain Level 3 Level 4 Level 5 Level 6 an altar to Venus Level 7 Level 8 Level 9 Level 10 a long staircase Level 11 Level 12 Level 13 Level 14 Level 15 Level 16 Level 17 Level 18 Level 19 <- You were here History has recorded: On T:1 you entered the Dungeons of Doom to retrieve the Amulet of Yendor! On T:10 you reached level 2 of The Dungeons of Doom. On T:16 you reached level 3 of The Dungeons of Doom. On T:22 you reached level 4 of The Dungeons of Doom. On T:24 you reached level 5 of The Dungeons of Doom. On T:37 you reached level 6 of The Dungeons of Doom. On T:43 you reached level 7 of The Dungeons of Doom. On T:48 you reached level 8 of The Dungeons of Doom. On T:67 you reached level 9 of The Dungeons of Doom. On T:71 you reached level 10 of The Dungeons of Doom. On T:76 you reached level 11 of The Dungeons of Doom. On T:82 you reached level 12 of The Dungeons of Doom. On T:86 you reached level 13 of The Dungeons of Doom. On T:96 you reached level 14 of The Dungeons of Doom. On T:100 you reached level 15 of The Dungeons of Doom. On T:100 you entered the Rogue tribute level. On T:106 you reached level 16 of The Dungeons of Doom. On T:111 you reached level 17 of The Dungeons of Doom. On T:122 you reached level 18 of The Dungeons of Doom. On T:128 you reached level 19 of The Dungeons of Doom. Score breakdown: Gold: 222 ( 22 points) Experience: 1 level ( 0 points) Exploration: 19 levels ( 540 points) Discoveries: 3 items ( 150 points) Variety of kills: 0 monsters ( 0 points) Major goal: (nothing yet) ( 0 points) Survival: died (score multiplied by 3) Total score: 2136 Latest messages: You continue digging downward. You dig a pit in the floor. You are still in a pit. You continue digging downward. You dig a hole through the floor. You fall through... You start digging downward. (2x) You continue digging downward. You dig a pit in the floor. That command is only available in debug mode. You have no ammunition readied! You don't have that object. Never mind. Never mind. You attack thin air. You bash the door. Ouch! That hurts! You die... Final status: Goodbye badnik the Ranger, killed by hitting a door... You died in The Dungeons of Doom on dungeon level 19 with 2136 points, and 222 pieces of gold, after 133 moves. You were level 1 with a maximum of 14 hit points when you died.